Map: Blackpink LE

Players

GhostPants - Winner!

  • Race: Terran Terran
  • League: Platinum
  • Spawn Location: 7:00

axu

  • Race: Protoss Protoss
  • League: Platinum
  • Spawn Location: 1:00

VOD

Have the link to the VOD?

Description

Time

  • Played on: April 1, 2018, 9:30 a.m.
  • Length: 4:53
Show
View Real Time Build Order
Export as new Build Order

GhostPants Terran - Winner!

Build Orders:  

Get SALT Encoding   

  12  0:02  SCV  
  13  0:15  SCV  
  13  0:18  Supply Depot  
  14  0:27  Refinery  
  14  0:28  SCV  
  15  0:40  SCV  
  16  0:46  Barracks  
  16  1:00  SCV  
  16  1:02  Refinery  
  17  1:12  SCV  
  18  1:24  SCV  
  19  1:36  SCV  
  20  1:43  Factory  
  20  1:48  SCV  
  20  1:49  Supply Depot  
  21  1:57  Reaper  
  21  2:01  SCV  
  23  2:13  SCV  
  24  2:22  Supply Depot  
  24  2:25  SCV  
  25  2:34  Factory Reactor  
  25  2:37  SCV  
  26  2:49  SCV  
  26  3:15  Cyclone x2  
  32  3:24  Engineering Bay, Orbital Command  
  32  3:43  Supply Depot  
  32  3:47  Cyclone x2  
  38  3:53  Supply Depot  
  38  3:56  Missile Turret  
  37  4:19  Cyclone x2  
Show
View Real Time Build Order
Export as new Build Order

axu Protoss 

Build Orders: 1 Gate Expand 

Get SALT Encoding   

  12  0:00  Probe  
  13  0:12  Probe  
  14  0:18  Pylon  
  14  0:23  Pylon  
  14  0:27  Probe  
  15  0:41  Probe  
  16  0:48  Gateway  
  16  0:53  Probe (Chrono Boost)  
  17  1:05  Assimilator, Probe (Chrono Boost)  
  18  1:13  Probe (Chrono Boost)  
  19  1:19  Probe  
  20  1:31  Nexus  
  20  1:39  Cybernetics Core  
  20  1:41  Probe (Chrono Boost)  
  21  1:50  Assimilator  
  21  1:52  Pylon  
  21  1:56  Probe (Chrono Boost)  
  22  2:09  Probe  
  23  2:17  Warp Gate (Chrono Boost)  
  23  2:20  Pylon  
  23  2:21  Stalker (Chrono Boost), Probe  
  26  2:33  Probe  
  27  2:39  Gateway  
  27  2:51  Probe  
  27  2:52  Probe  
  27  2:55  Gateway  
  29  3:03  Probe  
  28  3:17  Probe x2  
  28  3:18  Shield Battery  
  30  3:20  Stalker  
  32  3:29  Shield Battery, Probe x2  
  34  3:36  Robotics Facility  
  34  3:41  Probe x2  
  38  3:51  Stalker  
  42  4:05  Stalker  
  42  4:14  Pylon  
Tags
 
Add a new tag
Caveats
  • Supply blocks, unpowered buildings, or Contaminate may cause inaccurate times.
  • Supply counts are checked every 10 seconds.